 Dungeon Crawl Stone Soup version 0.31-a0-263-ge8cad7f256 (webtiles) character file.

Game seed: 10572614003842383694

65 qw the Shooter (level 4, -4/26 HPs)
             Began as a Gargoyle Hexslinger on July 13, 2023.
             Slain by Sigmund
             ... wielding a +0 scythe
              (8 damage)
             ... on level 3 of the Dungeon.
             The game lasted 00:00:39 (1632 turns).

qw the Shooter (Gargoyle Hexslinger)                Turns: 1632, Time: 00:00:40

Health: -4/26      AC:  7    Str: 11    XL:     4   Next: 13%
Magic:  5/5        EV: 11    Int: 14    God:
Gold:   98         SH:  0    Dex: 14    Spells: 4/5 levels left

rFire   . . .        Y - +1 sling
rCold   . . .        (no shield)
rNeg    + . .        i - +0 leather armour
rPois   inf          (no helmet)
rElec   +            (no cloak)
rCorr   .            (no gloves)
SInv    .            a - +0 pair of boots
Will    .....        (no amulet)
Stlth   +            (no ring)
HPRegen 0.24/turn    (no ring)
MPRegen 0.09/turn

%: no passive effects
@: no status effects
A: sickness immunity, AC +3, negative energy resistance 1, electricity
resistance, torment resistance 1, petrification resistance
a: no special abilities


You were on level 3 of the Dungeon.
You visited 1 branch of the dungeon, and saw 3 of its levels.

You collected 98 gold pieces.


Innate Abilities, Weirdness & Mutations

You are immune to sickness and miasma.
Your stone body is resilient. (AC +3)
You are immune to poison.
You resist negative energy. (rN+)
You are resistant to electric shocks. (rElec)
You are resistant to unholy torment.
You are immune to petrification.


   Skills:
 - Level 2.0 Fighting
 + Level 4.0 Ranged Weapons
 - Level 1.5 Dodging
 - Level 1.0 Spellcasting
 - Level 2.6 Hexes


You had 4 spell levels left.
You knew the following spells:

 Your Spells              Type           Power      Damage    Failure   Level
a - Slow                  Hex            32%        N/A       12%         1

Your spell library contained the following spells:

 Spells                   Type           Power      Damage    Failure   Level
 Inner Flame              Hex/Fire       4%         N/A       52%         3
 Portal Projectile        Hex/Tloc       8%         N/A       52%         3
 Cause Fear               Hex            4%         N/A       75%         4

Inventory:

Hand Weapons
 Y - a +1 sling (weapon)
Armour
 a - a +0 pair of boots (worn)
 i - a +0 leather armour (worn)
Scrolls
 e - 2 scrolls of teleportation
Potions
 b - a potion of might {unknown}
 c - a potion of invisibility {unknown}
 d - a potion of enlightenment {unknown}
 f - a potion of magic {unknown}
 h - a potion of brilliance {unknown}

Dungeon Overview and Level Annotations

Branches:
Dungeon (3/15)

Altars:
Fedhas
Gozag
Kikubaaqudgha

Annotations:
D:3 Sigmund


Message History

You continue putting on your +0 pair of boots. x2
Sigmund hits you but does no damage.
Keep equipping yourself?
You continue putting on your +0 pair of boots.
Sigmund gestures wildly while chanting.
Sigmund flickers and vanishes!
Deactivating autopickup; reactivate with Ctrl-A.
You continue putting on your +0 pair of boots.
A magic dart appears from out of thin air!
The magic dart hits you!
You finish putting on your +0 pair of boots.
Autopickup is now on.
Enter note:
Enter note:
Found a scroll labelled OGRENTASUA.
You hear some strange, mumbled words.
Deactivating autopickup; reactivate with Ctrl-A.
Something tries to affect you, but you resist.
Autopickup is now on.
Enter note:
Enter note:
Enter note:
Enter note: Something hits you.
Deactivating autopickup; reactivate with Ctrl-A.
Autopickup is now on.
Enter note:
Enter note:
Enter note:
Enter note: You start resting.
A puff of flame appears from out of thin air!
Deactivating autopickup; reactivate with Ctrl-A.
The puff of flame hits you.
You shoot a sling bullet. You shoot a sling bullet. You shoot a sling bullet.
You shoot a sling bullet. Something hits you!
You die...

#...#....####.
###....###
#....## ##...#
#..### #..###
####
#....####....#
#.##......._.#
#....#@##....
#.......>.# #
#.####..#....#
#. ##.. #.?#
#. ... .. #.
####


There were no monsters in sight!

Vanquished Creatures
  2 adders
  2 dart slugs (D:2)
  4 ball pythons
  4 bats
  4 endoplasms
  2 giant cockroaches
  7 goblins
  3 hobgoblins
  2 jackals (D:3)
  3 quokkas
  2 frilled lizards
  2 kobolds
  A rat (D:1)
38 creatures vanquished.

Notes
Turn   | Place    | Note
-------+----------+-------------------------------------------
     0 | D:1      | qw the Gargoyle Hexslinger began the quest for the Orb.
     0 | D:1      | Reached XP level 1. HP: 12/12 MP: 2/2
     0 | D:1      | 0 ||| qw: Version: 0.3-a-52-g30416fa
     0 | D:1      | 0 ||| qw: Game counter: 7046
     0 | D:1      | 0 ||| qw: Melee chars always use a shield: true
     0 | D:1      | 0 ||| qw: God list: Okawaru
     0 | D:1      | 0 ||| qw: Allow faded altars: false
     0 | D:1      | 0 ||| qw: Do Orc after clearing Dungeon:15 true
     0 | D:1      | 0 ||| qw: Do second Lair branch before Depths: true
     0 | D:1      | 0 ||| qw: Lair rune preference: random
     0 | D:1      | 0 ||| qw: Goals: Normal
     0 | D:1      | 0 ||| PLANNING D:1-11
     6 | D:1      | Noticed a komodo dragon
     6 | D:1      | Noticed an imperial myrmidon
     7 | D:1      | Noticed a fire giant
    94 | D:1      | Reached XP level 2. HP: 16/16 MP: 3/3
   125 | D:1      | Found an opulent altar of Gozag.
   148 | D:1      | Reached skill level 3 in Ranged Weapons
   737 | D:1      | Found a faded altar of an unknown god.
   777 | D:1      | 777 ||| UPGRADING to +0 leather armour.
   787 | D:1      | 787 ||| DROPPING +0 robe.
   788 | D:1      | 788 ||| READING 2 scrolls labelled WYACIPH ORIWK.
   789 | D:1      | 789 ||| READING 3 scrolls labelled VEFFIH QEJAN.
   792 | D:1      | 792 ||| READING scroll labelled ELAMEE PAGRA.
   793 | D:1      | 793 ||| READING scroll labelled MYAGYX ZUUH.
   794 | D:1      | 794 ||| DROPPING scroll of amnesia.
   795 | D:1      | 795 ||| DROPPING scroll of poison.
   881 | D:2      | Reached XP level 3. HP: 16/21 MP: 4/4
  1371 | D:2      | 1371 ||| READING scroll labelled KEVUTA QUYMP.
  1372 | D:2      | 1372 ||| READING scroll labelled OZYDWUVUDE.
  1418 | D:3      | Reached XP level 4. HP: 19/26 MP: 5/5
  1546 | D:3      | Found a blossoming altar of Fedhas.
  1581 | D:3      | Reached skill level 4 in Ranged Weapons
  1606 | D:3      | Found an ancient bone altar of Kikubaaqudgha.
  1606 | D:3      | Noticed Sigmund
  1614 | D:3      | 1614 ||| UPGRADING to +0 pair of boots.
  1620 | D:3      | HP: 5/26 [something (2)]
  1628 | D:3      | HP: 3/26 [something/puff of flame (4)]
  1632 | D:3      | Slain by Sigmund

Levels and vault maps discovered:
D:1:      onia_arrival_zoo_common, layout_basic,
          dreamdust_ecumenical_altar_hidden_monk_grotto, serial_forest,
          infiniplex_forest_clump_diagonal, infiniplex_forest_join,
          infiniplex_forest_end_3, infiniplex_forest_straight_4,
          infiniplex_forest_corner_1, infiniplex_forest_lined_2,
          infiniplex_forest_join, infiniplex_forest_clump_long,
          minmay_hexomino_r4
D:2:      layout_loops_ring
D:3:      layout_rooms, tgw_kikubaaqudgha, jmf_multi_god_temple,
          mainiacjoe_overflow_paths, grunt_ministairs_8,
          hellmonk_guarded_unrand_hermit, uniq_sigmund

Skill      XL: |  1  2  3  4 |
---------------+-------------+-----
Ranged Weapons | 3 4 |  4.0
Fighting       | 2 |  2.0
Dodging        | |  1.5
Spellcasting   | |  1.0
Hexes          | |  2.6

Action                     |  1- 3 |  4- 6 || total
---------------------------+-------+-------++-------
   Fire: Sling             |   125 |    32 ||   157
    Use: Scroll            |     6 |       ||     6
 Armour: Robe              |     2 |       ||     2
         Leather armour    |    31 |    22 ||    53
  Dodge: Dodged            |    57 |    23 ||    80

Table legend:
 A = Non-vault XP
 B = Vault XP
 C = Vault XP percentage of total XP
 D = Non-vault monster count
 E = Vault monster count
 F = Vault count percentage of total count
                 A         B        C        D         E       F
            +---------+---------+-------+---------+---------+-------
      Total |      83 |      10 |  10.8 |      32 |       6 |  15.8
            +---------+---------+-------+---------+---------+-------
        D:1 |      17 |      10 |  37.0 |      10 |       6 |  37.5
        D:2 |      42 |       0 |   0.0 |      15 |       0 |   0.0
        D:3 |      24 |       0 |   0.0 |       7 |       0 |   0.0
            +---------+---------+-------+---------+---------+-------
